 Dungeon Crawl Stone Soup version 0.29.1-12-g30fa7ad0bf (webtiles) character file.

Game seed: 6133138562895514707

39 concernfroge the Ducker (level 3, 0/22 HPs)
             Began as a Felid Transmuter on Jan 15, 2023.
             Succumbed to an adder's poison
             ... on level 2 of the Dungeon.
             The game lasted 00:03:29 (1154 turns).

concernfroge the Ducker (Felid Transmuter)          Turns: 1154, Time: 00:03:29

Health: 0/22       AC: 21    Str:  6    XL:     3   Next: 28%
Magic:  6/7        EV:  4    Int: 14    God:
Gold:   50         SH:  0    Dex: 18    Spells: 3/6 levels left
                                        Lives:  0   Deaths: 0

rFire   + . .      SeeInvis +     - Unarmed
rCold   . . .      Faith    .   (shield unavailable)
rNeg    . . .      Spirit   .   (body armour unavailable)
rPois   +          Reflect  .   (helmet unavailable)
rElec   .          Harm     .   (cloak unavailable)
rCorr   .          Rampage  .   (gloves unavailable)
Will    .....      NoTele   +   (boots unavailable)
Stlth   ++........              (no amulet)
HPRegen 0.07/turn               g - ring of protection from fire
MPRegen 0.10/turn               (no ring)

@: mighty, lethally poisoned (0 -> -1), tree-form
A: stationary, stasis, torment immunity, boosted hp, very small, (claws 1),
(fangs 3), see invisible, (speed 1), (shaggy fur 1), (stealthy paws), no weapons
or thrown items, no armour, multi-lived
a: no special abilities


You were on level 2 of the Dungeon.
You were a tree.
You visited 1 branch of the dungeon, and saw 2 of its levels.

You collected 50 gold pieces.

Inventory:

Jewellery
 g - a ring of protection from fire (left branch)
Scrolls
 b - a scroll of poison {unknown}
 c - a scroll of fear {unknown}
 d - a scroll of brand weapon {unknown}
 f - a scroll of identify {unknown}
 i - a scroll of immolation {unknown}
Potions
 h - a potion of attraction {unknown}


   Skills:
 + Level 1.4 Fighting
 + Level 3.3 Dodging
 + Level 1.6 Stealth
 + Level 3.2 Unarmed Combat
 + Level 2.2 Spellcasting
 + Level 2.5 Transmutations


You had 3 spell levels left.
You knew the following spells:

 Your Spells              Type           Power      Damage    Failure   Level
a - Beastly Appendage     Tmut           16%        N/A       9%          1
b - Wereblood             Tmut           8%         N/A       12%         2

Your spell library contained the following spells:

 Spells                   Type           Power      Damage    Failure   Level
 Spider Form              Tmut/Pois      5%         N/A       38%         3
 Ice Form                 Ice/Tmut       5%         N/A       80%         4


Dungeon Overview and Level Annotations

Branches:
Dungeon (2/15)

Altars:


Innate Abilities, Weirdness & Mutations

You are a tree.
Your roots penetrate the ground, keeping you stationary.
You cannot be teleported.
You are immune to unholy pain and torment.
Your maximum health is greatly increased.
((You have sharp claws.))
((You have razor-sharp teeth.))
You have supernaturally acute eyesight. (SInv)
((You cover ground quickly. (Speed+)))
((You are covered in fur. (AC +1)))
((Your paws help you pounce on unaware monsters.))
You are incapable of wielding weapons or throwing items.
You cannot wear armour.
You gain extra lives every three experience levels.


Message History

You hear a bark!
The adder barely misses you.
You scratch the adder.
The adder is almost dead.
The adder bites you.
You are poisoned.
The adder poisons you!
You closely miss the adder.
The adder is almost dead.
You feel sick. The adder misses you. The adder barely misses you.
You barely miss the adder. You bite the adder.
You kill the adder!
You feel sick. The jackal bites you.
You are too injured to fight recklessly!
Okay, then.
Okay, then.
You closely miss the jackal. You headbutt the jackal.
Your bite misses the jackal.
The jackal is heavily wounded.
Your horns disappear.
You feel sick.
Casting: Beastly Appendage (safe; 9% risk of failure)
Confirm with . or Enter, or press ? or * to list all spells.
You grow a pair of large bovine horns.
You feel sick. The jackal bites you.
* * * LOW HITPOINT WARNING * * *
Really quaff the potion of lignification?
Your horns disappear.
You turn into a tree.
Your roots penetrate the ground.
* * * LOW HITPOINT WARNING * * *
You feel sick.
The jackal bites you but does no damage.
The jackal barely misses you.
It was a potion of might.
You feel very mighty all of a sudden.
* * * LOW HITPOINT WARNING * * *
You feel sick.
The jackal bites you but does no damage.
You smack the jackal!
You kill the jackal!
You die...

#.###....#######
##.###..........#
..........#####.#
##........#
#....#.#.#
######.#.#
######.#.#
#......#.#########
#.........♣†h.....
#......#.#########
#......#.#
########.# #.# #<#
#.# ...


You could see a jackal.

Vanquished Creatures
  An adder (D:2)
  3 endoplasms (D:1)
  A giant cockroach (D:1)
  4 goblins
  3 hobgoblins
  2 jackals (D:2)
  A kobold (D:1)
  2 quokkas
  6 ball pythons
  A bat (D:1)
  2 frilled lizards (D:1)
  2 rats (D:1)
28 creatures vanquished.

Notes
Turn   | Place    | Note
-------+----------+-------------------------------------------
     0 | D:1      | concernfroge the Felid Transmuter began the quest for the
                  | Orb.
     0 | D:1      | Reached XP level 1. HP: 9/9 MP: 4/4
   123 | D:1      | Reached XP level 2. HP: 6/12 MP: 4/6
   126 | D:1      | Learned a level 2 spell: Wereblood
   205 | D:1      | Reached skill level 1 in Stealth
  1046 | D:2      | Reached XP level 3. HP: 10/15 MP: 5/7
  1152 | D:2      | HP: 1/22 [poisoned by an adder]
  1154 | D:2      | Succumbed to an adder's poison

Illustrated notes

Levels and vault maps discovered:
D:1:      dpeg_arrival_signposts, layout_rooms
D:2:      layout_basic, shapermc_ecumenical_altar_ellora,
          lexackson_kobold_supper

Skill      XL: |  1  2 |
---------------+-------+-----
Dodging        | 3 |  3.3
Stealth        | 1 |  1.6
Fighting       | |  1.4
Unarmed Combat | |  3.2
Spellcasting   | |  2.2
Transmutations | |  2.5

Action                   || total
-------------------------++-------
Melee: Unarmed           ||    89
       Headbutt          ||     7
       Punch             ||     1
       Bite              ||     4
 Cast: Beastly Appendage ||    18
       Wereblood         ||     2
  Use: Potion            ||     2
 Stab: Sleeping          ||     1
Armor: Skin              ||     5
Dodge: Dodged            ||    75
